AoeStats
← [STT]Kratos_

Arabia

509242953Analyzed
2v2 RM · 6d ago on Sep 26, 2026· 41m 50s· 4 players
Game mode
Random Map
Map size
Medium (4 player)
Population
200
Speed
Normal
Resources
Standard
Victory
Conquest
Starting age
Dark Age
Ending age
Imperial Age
RankedLock teamsTeams togetherTeam positionsShared explorationLock speedFull tech treeHidden civsTurbo modeCheats
Victory
Defeat
🇦🇷 Chinese · Argentina
1171
+16
🇦🇷 Ethiopians · Argentina
1159
+17
🇨🇴 Malay · Colombia
1214
-18
🇨🇴 Burgundians · Colombia
1130
-15
Podwill
0:30 Loom
10:30 Feudal Age
11:21 Double-Bit Axe
15:21 Horse Collar
17:48 Bloodlines
19:52 Wheelbarrow
19:55 Forging
20:13 Town Watch
23:07 Castle Age
22:26 Wheelbarrow
22:14 Scale Barding Armor
23:51 Husbandry
23:12 Light Cavalry
25:11 Gold Mining
26:32 Iron Casting
27:02 Chain Barding Armor
29:28 Town Patrol
32:55 Heavy Plow
34:07 Hand Cart
36:18 Bow Saw
41:59 Imperial Age
sano.corley
7:34 Loom
10:24 Feudal Age
10:55 Double-Bit Axe
13:42 Fletching
15:38 Horse Collar
15:52 Town Watch
21:25 Castle Age
19:49 Gold Mining
21:35 Wheelbarrow
21:17 Padded Archer Armor
22:08 Bodkin Arrow
21:36 Crossbowman
22:43 Bow Saw
25:36 Ballistics
30:26 Leather Archer Armor
33:15 Hand Cart
37:56 Imperial Age
38:43 Thumb Ring
38:48 Bracer
38:12 Arbalester
40:23 Chemistry
40:21 Heavy Plow
39:51 Onager
[STT]Kratos_
6:17 Loom
9:19 Feudal Age
10:37 Double-Bit Axe
19:29 Forging
22:49 Castle Age
21:11 Horse Collar
21:44 Gold Mining
23:00 Cavalier
24:41 Iron Casting
24:12 Scale Barding Armor
28:03 Heavy Plow
29:46 Chain Barding Armor
36:16 Wheelbarrow
37:13 Light Cavalry
37:55 Husbandry
[STT]STT2 Arandia
3:54 Loom
9:40 Feudal Age
10:19 Double-Bit Axe
11:15 Wheelbarrow
19:50 Horse Collar
22:26 Castle Age
22:15 Heavy Plow
22:30 Bow Saw
22:58 Scale Barding Armor
25:03 Gold Mining
28:37 Fletching
29:18 Crossbowman
31:14 Ballistics
37:12 Bodkin Arrow
40:44 Padded Archer Armor
Connection lost

Rejoining the realm…

Still unreachable

The connection could not be restored.

Session expired

The server has moved on; the page needs a fresh start.